 Dungeon Crawl Stone Soup version 0.25.1-2-g60ff931df9 (webtiles) character file.

Game seed: 15907328276859897862

25626 ipanov the Spear-Bearer (level 13, -10/162 HPs)
             Began as a Merfolk Berserker on Aug 1, 2020.
             Was a High Priest of Trog.
             Killed from afar by a red draconian (44 damage)
             ... with a searing blast
             ... in a volcano on Aug 2, 2020.
             The game lasted 01:07:55 (14709 turns).

ipanov the Spear-Bearer (Merfolk Berserker)        Turns: 14709, Time: 01:07:56

Health: -10/162    AC: 15    Str: 20    XL:     13   Next: 20%
Magic:  16/16      EV: 25    Int:  6    God:    Trog [*****.]
Gold:   1407       SH:  0    Dex: 24    Spells: 12/12 levels left

rFire    . . .     SeeInvis .   w - +10 bardiche "Voox" {vorpal, rPois rC- MR+ Dex+8}
rCold    x . .     Gourm    .   (shield currently unavailable)
rNeg     + . .     Faith    .   D - +3 leather armour
rPois    +         Spirit   .   p - +1 helmet
rElec    .         Reflect  .   (no cloak)
rCorr    .         Harm     .   i - +1 pair of gloves
MR       +....                  (no boots)
Stlth    ..........             (no amulet)
HPRegen  0.37/turn              y - ring of positive energy
MPRegen  0.15/turn              b - +4 ring of protection

@: berserking, very quick
A: change form in water, swift swim, stealthy swim
a: Berserk, Trog's Hand, Brothers in Arms, Renounce Religion


You were in a volcano.
You worshipped Trog.
Trog was extremely pleased with you.
You were hungry.

You visited 2 branches of the dungeon, and saw 12 of its levels.
You also visited: Ossuary, Ice Cave and Volcano.

You collected 1407 gold pieces.

Inventory:

Hand Weapons
 w - the +10 bardiche "Voox" (weapon) {vorpal, rPois rC- MR+ Dex+8}
   (Trog gifted it to you in an ice cave)

   It inflicts extra damage upon your enemies.
   It affects your dexterity (+8).
   It makes you vulnerable to cold.
   It protects you from poison.
   It affects your resistance to hostile enchantments.
Missiles
 e - 217 stones
 x - 5 boomerangs (quivered)
Armour
 i - a +1 pair of gloves (worn)
 p - a +1 helmet (worn)
 D - a +3 leather armour (worn)
Jewellery
 b - a +4 ring of protection (right hand)
 u - a +6 ring of dexterity {unknown}
 y - a ring of positive energy (left hand)
 A - the ring of the Crown {rN+ Str+6, unknown}
   (You found it on level 2 of the Lair of Beasts)

   [ring of strength]

   It affects your strength (+6).
   It protects you from negative energy.
Wands
 a - a wand of clouds (4)
 h - a wand of disintegration (20)
 L - a wand of digging (6)
Scrolls
 d - a scroll of remove curse
 g - 2 scrolls of fear {unknown}
 l - 8 scrolls of teleportation
 m - 4 scrolls of identify
 z - a scroll of blinking
 C - a scroll of magic mapping
Potions
 f - 3 potions of flight
 j - a potion of heal wounds {unknown}
 k - 2 potions of might
 n - a potion of resistance
 o - 3 potions of curing
 q - 2 potions of haste
 s - 4 potions of lignification
 t - 4 potions of cancellation
 B - a potion of stabbing
Miscellaneous
 v - a phantom mirror
Comestibles
 c - 29 rations
 r - 7 chunks of flesh


   Skills:
 + Level 12.2 Fighting
 - Level 14.0 Polearms
 + Level 7.5 Throwing
 + Level 6.6 Armour
 + Level 13.1 Dodging
   Level 4.1 Shields
 + Level 4.6 Evocations


You had 12 spell levels left.
You didn't know any spells.
Your spell library was empty.

Dungeon Overview and Level Annotations

Branches:
Dungeon (9/15)             Temple (0/1) D:7            Lair (3/6) D:9
  Snake (0/4) Lair:2          Orc (0/2) D:9         Ossuary (visited)
  IceCv (visited)         Volcano (1/1)
  Swamp: Lair:2-4    Shoals: Lair:2-4

Altars:
Cheibriados
Elyvilon
Gozag
Kikubaaqudgha
Trog
Vehumet
Yredelemnul
Zin
The Shining One

Shops:
D:9 (

Portals:
Abyss: D:5

Annotations:
D:5 2 transporters, iamyoyoman's ghost, amateur DrSk


Message History

Aim: a red draconian, wielding a +1 halberd of flaming and wearing a +0 cloak (lightly wounded)
You reach to attack!
You slice the red draconian!!
The red draconian is heavily wounded.
The red draconian hits you from afar with a +1 halberd of flaming!
The red draconian burns you.
Attack whom?
Press: ? - help, Dir - move target cursor, f/p - red draconian
Aim: a red draconian, wielding a +1 halberd of flaming and wearing a +0 cloak (heavily wounded)
You reach to attack!
You slash the red draconian!
The red draconian is heavily wounded.
The red draconian breathes flames at you.
The searing blast hits you!!!
* * * LOW HITPOINT WARNING * * *
You are too injured to fight recklessly!
A red film seems to cover your vision as you go berserk!
You feel yourself moving faster!
You feel mighty!
You are feeling hungry.
The red draconian breathes flames at you.
The searing blast hits you!!!
You die...

####..8..#...≈≈≈§≈≈§≈
#.##.....#...≈≈≈≈≈≈§§
#[[8.....##...≈≈≈§§§≈
#..#..⌠).####.§§≈§≈≈§
#..##..(## ##..≈§≈§≈
#'#####(## ###..≈§≈≈≈
##....#((.###8....≈≈≈≈
#.._).)○∩.'(......≈≈§§
##...@#.(.###8.....≈§§
##d####'## ####....≈≈
#$ #..)# ####§.. #
#..⌠..# ####
#:[8.....# #.##.....#
# #..8..# ##$$$##
#####


You could see a red draconian (catching breath).

Vanquished Creatures
  Erolcha (D:9)
  2 hydras
  2 ice dragons (IceCv)
  A centaur warrior (Volcano)
  A two-headed ogre (D:8)
  A molten gargoyle (Volcano)
  A black mamba (Lair:2)
  2 ice statues (IceCv)
  3 spiny frogs
  2 rime drakes (IceCv)
  2 yaktaurs (Volcano)
  2 komodo dragons (D:9)
  2 ice devils (Lair:1)
  A troll (D:9)
  Prince Ribbit (D:9)
  A hippogriff (shapeshifter) (D:9)
  A hornet (D:9)
  12 blink frogs (Lair:2)
  3 hippogriffs
  3 wyverns
  15 yaks
  Eustachio (D:4)
  6 fire bats (Volcano)
  A hungry ghost (D:7)
  2 basilisks (D:9)
  An acid dragon (D:9)
  2 nagas (Lair:2)
  5 water moccasins
  4 orc warriors
  2 porcupines (Lair:1)
  A sky beast (D:6)
  4 black bears
  2 phantoms
  6 ogres
  20 ice beasts
  6 centaurs
  4 crocodiles
  2 big kobolds
  An elf zombie (Ossuary)
  13 bullfrogs
  2 scorpions
  5 killer bees (D:9)
  A vampire bat (D:5)
  2 howler monkeys
  7 crimson imps
  5 hounds
  4 lava snakes (Volcano)
  A quasit (D:7)
  2 centaur zombies
  2 jellies (D:6)
  A gnoll shaman (D:7)
  3 bullfrog skeletons
  7 orc priests
  17 orc wizards
  2 centaur skeletons
  An iguana (D:9)
  7 worker ants
  A killer bee zombie (D:9)
  2 big kobold zombies (Ossuary)
  2 mummies (Ossuary)
  2 worker ant zombies
  A howler monkey zombie (D:6)
  7 gnolls (D:7)
  8 adders
  A shadow imp (D:8)
  An adder skeleton (D:8)
  An adder zombie (Ossuary)
  6 dart slugs
  5 leopard geckos
  52 orcs
  2 bat skeletons (D:5)
  4 bat zombies (D:5)
  3 giant cockroaches
  10 goblins
  8 hobgoblins
  13 jackals
  23 kobolds
  3 quokkas
  10 bats
  7 frilled lizards
  2 goblin zombies (Ossuary)
  9 hobgoblin zombies (Ossuary)
  2 jackal skeletons
  A jackal zombie (Ossuary)
  9 kobold zombies (Ossuary)
  8 orc zombies (Ossuary)
  2 quokka skeletons
  10 rats
  3 rat zombies (Ossuary)
429 creatures vanquished.

Vanquished Creatures (collateral kills)
  An orc warrior (D:7)
  A sky beast (D:7)
  A centaur skeleton (D:7)
  An orc wizard (D:7)
  2 gnolls (D:7)
  An orc (D:7)
7 creatures vanquished.

Vanquished Creatures (others)
  A fungus (Lair:2)
1 creature vanquished.

Grand Total: 437 creatures vanquished

Notes
Turn   | Place    | Note
-------+----------+-------------------------------------------
     0 | D:1      | ipanov the Merfolk Berserker began the quest for the Orb.
     0 | D:1      | Reached XP level 1. HP: 18/18 MP: 1/1
   389 | D:1      | Reached XP level 2. HP: 24/24 MP: 2/2
   651 | D:1      | Reached skill level 5 in Polearms
   756 | D:1      | Reached ** piety under Trog
   756 | D:1      | Reached XP level 3. HP: 30/30 MP: 3/3
  1435 | D:2      | Found a radiant altar of Vehumet.
  1481 | D:2      | Found a glowing silver altar of Zin.
  1589 | D:2      | Found a snail-covered altar of Cheibriados.
  1590 | D:2      | Found a bloodstained altar of Trog.
  1850 | D:2      | Reached XP level 4. HP: 36/37 MP: 4/4
  3020 | D:3      | Reached XP level 5. HP: 33/43 MP: 5/5
  3064 | D:3      | Reached skill level 6 in Polearms
  3351 | D:3      | Reached *** piety under Trog
  3824 | D:3      | Found an opulent altar of Gozag.
  3850 | D:3      | Reached skill level 5 in Dodging
  3997 | D:3      | Reached XP level 6. HP: 48/50 MP: 6/6
  4215 | D:4      | Reached skill level 5 in Fighting
  4317 | D:4      | Noticed Eustachio
  4385 | D:4      | Killed Eustachio
  4385 | D:4      | Reached skill level 7 in Polearms
  5524 | D:5      | Entered Level 5 of the Dungeon
  5541 | D:5      | Reached XP level 7. HP: 44/56 MP: 7/7
  5645 | D:5      | Found an ancient bone altar of Kikubaaqudgha.
  5888 | D:5      | Reached skill level 8 in Polearms
  5981 | D:5      | Noticed a small abomination
  5984 | D:5      | Found a transporter.
  5998 | D:5      | Noticed iamyoyoman's ghost (amateur DrSk)
  6008 | D:5      | Found a transporter.
  6008 | D:5      | Found a one-way gate to the infinite horrors of the Abyss.
  6039 | D:5      | You fall into a shaft and drop 2 floors!
  6048 | D:7      | Reached **** piety under Trog
  6048 | D:7      | Reached XP level 8. HP: 65/65 MP: 8/8
  6126 | D:7      | Reached skill level 9 in Polearms
  6588 | D:7      | Reached skill level 1 in Shields
  6951 | D:6      | Reached skill level 10 in Polearms
  6951 | D:6      | Reached XP level 9. HP: 50/74 MP: 9/9
  6976 | D:6      | Found a sand-covered staircase.
  6986 | Ossuary  | Entered an ossuary
  7224 | Ossuary  | Reached ***** piety under Trog
  7559 | D:6      | Received a gift from Trog
  7851 | D:6      | Reached skill level 11 in Polearms
  8295 | D:6      | Found a radiant altar of Vehumet.
  8390 | D:6      | Found a glowing golden altar of the Shining One.
  8587 | D:7      | Reached XP level 10. HP: 83/83 MP: 10/10
  8798 | D:7      | Found a staircase to the Ecumenical Temple.
  9223 | D:8      | Reached skill level 12 in Polearms
  9230 | D:8      | Received a gift from Trog
  9299 | D:8      | Noticed a two-headed ogre
  9305 | D:8      | Killed a two-headed ogre
  9305 | D:8      | Reached skill level 1 in Throwing
  9702 | D:8      | Reached skill level 10 in Dodging
  9708 | D:8      | Reached skill level 10 in Fighting
 10349 | D:9      | Reached XP level 11. HP: 85/90 MP: 11/11
 10523 | D:9      | Found a white marble altar of Elyvilon.
 10551 | D:9      | Noticed Erolcha
 10563 | D:9      | Killed Erolcha
 10563 | D:9      | Reached skill level 13 in Polearms
 10669 | D:9      | Found a staircase to the Orcish Mines.
 10730 | D:9      | Found Nuanuk's Weapon Emporium.
 10808 | D:9      | Noticed Prince Ribbit
 10815 | D:9      | Killed Prince Ribbit
 11188 | D:9      | Found a basalt altar of Yredelemnul.
 11343 | D:9      | HP: 2/92 [acid (15)]
 11868 | D:9      | Found a staircase to the Lair.
 11962 | Lair:1   | Entered Level 1 of the Lair of Beasts
 11983 | Lair:1   | Reached skill level 5 in Armour
 12130 | Lair:1   | Found a frozen archway.
 12154 | IceCv    | Entered an ice cave
 12168 | IceCv    | Reached skill level 5 in Throwing
 12250 | IceCv    | Reached XP level 12. HP: 68/100 MP: 12/12
 12551 | IceCv    | Received a gift from Trog
 12556 | IceCv    | Got a scorched bardiche {god gift}
 12624 | IceCv    | Reached skill level 14 in Polearms
 12656 | IceCv    | Noticed an ice dragon
 12657 | IceCv    | Noticed an ice dragon
 12667 | IceCv    | Killed an ice dragon
 12678 | IceCv    | Killed an ice dragon
 12678 | IceCv    | Reached skill level 1 in Evocations
 12843 | Lair:1   | Identified the +10 bardiche "Voox" {vorpal, rPois rC- MR+
                  | Dex+8} (Trog gifted it to you in an ice cave)
 13059 | Lair:1   | Noticed a four-headed hydra
 13071 | Lair:1   | Killed a four-headed hydra
 13598 | Lair:2   | Found a staircase to the Snake Pit.
 14026 | Lair:2   | Noticed a four-headed hydra
 14033 | Lair:2   | Killed a five-headed hydra
 14033 | Lair:2   | Reached XP level 13. HP: 108/108 MP: 14/16
 14051 | Lair:2   | Got a warped jade ring
 14298 | Lair:3   | Found a dark tunnel.
 14316 | Volcano  | Entered a volcano
 14380 | Volcano  | Received a gift from Trog
 14503 | Volcano  | Found a radiant altar of Vehumet.
 14699 | Volcano  | Noticed a red draconian
 14709 | Volcano  | Killed from afar by a red draconian

Illustrated notes

Levels and vault maps discovered:
D:1:      dpeg_arrival_rhombi, layout_basic
D:2:      layout_basic, zin_statuary, marbit_many_paths,
          gammafunk_temple_overflow_statue, first_ration,
          serial_co_window_serial, co_window_corner_a, co_window_paths_a,
          co_window_paths_a, co_window_paths_a, co_window_of_opportunity_a,
          co_window_corner_b, co_window_unsneaky_path_d,
          co_window_of_opportunity_b, co_window_broadway_b,
          co_window_unsneaky_path_e, co_window_unsneaky_path_b, glass_columns_a,
          glass_columns_a, glass_columns_c, minmay_goblin_outpost
D:3:      layout_loops_ring, nicolae_gozag_seed_capital
D:4:      layout_basic, uniq_eustachio
D:5:      layout_loops_ring, kennysheep_mini_moat, kennysheep_vampire_church,
          gammafunk_ghost_abyssal_escape
D:6:      layout_loops_cross, tso_altar, enter_ossuary_3, minmay_hedge_maze,
          vehumet_altar_wand_db
D:7:      layout_loops_ring, minmay_temple_entry_from_below_a
D:8:      layout_cave_pods
D:9:      minmay_bloctagon_deflated, layout_basic, kennysheep_ying_yang,
          erik_lair_dragon, serial_shops, shop, hangedman_decor_peaks_small,
          uniq_erolcha, uniq_prince_ribbit1
Lair:1:   layout_misc_corridors, portal_ice_cave_demonic_guard, st_stairs_5
Lair:2:   layout_roguey, guppyfry_snake_entry_island
Lair:3:   layout_gridlike, palyth_hydra_swamp_entry,
          nicolae_volcano_entry_lava_flow, beast_lair_carwin_8,
          lemuel_fruit_tree
Volcano:  volcano_grotto [vgs_many_chambers]

Skill      XL: |  1  2  3  4  5  6  7  8  9 10 11 12 13 |
---------------+----------------------------------------+-----
Dodging        | 3 4 5 6 7 9 10 11 12 13 | 13.1
Polearms       | 5 6 7 8 10 11 12 13 14 | 14.0
Fighting       | 4 5 6 7 9 10 11 12 | 12.2
Shields        | 2 4 |  4.1
Armour         | 3 4 5 6 |  6.6
Throwing       | 2 5 7 |  7.5
Evocations     | 4 |  4.6

Action                   |  1- 3 |  4- 6 |  7- 9 | 10-12 | 13-15 || total
-------------------------+-------+-------+-------+-------+-------++-------
Melee: Spear             |   119 |   327 |   530 |       |       ||   976
       Trident           |       |       |   150 |    89 |       ||   239
       Demon trident     |       |       |       |   406 |       ||   406
       Bardiche          |       |       |       |    90 |    49 ||   139
Throw: Stone             |    38 |    66 |     7 |    34 |       ||   145
       Boomerang         |       |     7 |    29 |    78 |    15 ||   129
Invok: Berserk           |     1 |     2 |     6 |     3 |     1 ||    13
       Trog's Hand       |       |     1 |       |     1 |       ||     2
       Brothers in Arms  |       |       |     2 |       |       ||     2
  Use: Scroll            |       |     1 |     8 |    14 |       ||    23
       Potion            |       |       |       |     1 |       ||     1
 Stab: Sleeping          |     2 |     5 |     2 |     3 |       ||    12
  Eat: Chunk             |     4 |    12 |    14 |    18 |     2 ||    50
       Ration            |       |       |     2 |     1 |       ||     3
Armor: Animal skin       |    13 |    26 |       |       |       ||    39
       Leather armour    |       |    21 |   134 |    71 |    10 ||   236
Dodge: Dodged            |    56 |   192 |   268 |   336 |    43 ||   895
Block: Buckler           |       |       |    96 |    76 |       ||   172
